 Dungeon Crawl Stone Soup version 0.21-a0-632-g1e37ce5 (webtiles) character file.

20 Gorice the Grave Robber (level 2, 4/23 HPs)
             Began as a Demonspawn Wanderer on Dec 27, 2017.
             Quit the game on level 2 of the Dungeon.
             The game lasted 00:02:03 (836 turns).

Gorice the Grave Robber (Demonspawn Wanderer)        Turns: 836, Time: 00:02:04

Health: 4/23       AC:  2    Str: 16    XL:     2   Next: 58%
Magic:  2/2        EV: 11    Int: 12    God:
Gold:   19         SH:  0    Dex:  9    Spells: 1/1 levels left

rFire    . . .     SeeInvis .   a - +2 dagger
rCold    . . .     Gourm    .   (no shield)
rNeg     . . .     Faith    .   f - +0 robe
rPois    .         Spirit   .   (helmet restricted)
rElec    .         Reflect  .   (no cloak)
rCorr    .         Harm     .   (no gloves)
MR       .....                  (no boots)
Stlth    +.........             (no amulet)
HPRegen  0.07/turn              (no ring)
MPRegen  0.08/turn              (no ring)

@: lethally poisoned (4 -> -6)
A: antennae 1
a: no special abilities


You were on level 2 of the Dungeon.
You were not hungry.

You visited 1 branch of the dungeon, and saw 2 of its levels.

You collected 19 gold pieces.

Inventory:

Hand Weapons
 a - a +2 dagger (weapon)
 e - a +0 blowgun
 i - a +0 spear
Missiles
 d - 8 poisoned needles
 Y - 46 stones (quivered)
Armour
 f - a +0 robe (worn)
Jewellery
 k - an uncursed amulet of faith {!P}
Scrolls
 b - a scroll of blinking
Potions
 l - a potion of curing {unknown}
Books
 c - the Guide on Stolen Souls

   Spells                             Type                      Level
   a - Animate Skeleton               Necromancy                   1
   b - Regeneration                   Charms/Necromancy            3
Comestibles
 g - 2 rations
 h - a chunk of flesh


   Skills:
 + Level 2.3 Fighting
   Level 1.0 Staves
 - Level 1.0 Throwing
 - Level 1.0 Dodging
 - Level 1.0 Stealth
   Level 3.2 Necromancy
   Level 1.7 Translocations
   Level 1.0 Evocations


You had one spell level left.
You didn't know any spells.

Dungeon Overview and Level Annotations

Branches:
Dungeon (2/15)

Altars:


Innate Abilities, Weirdness & Mutations

You have a pair of small antennae on your head.


Message History

The adder is heavily wounded.
The adder barely misses you. The adder misses you.
You closely miss the adder.
The adder is heavily wounded.
The rat bites you. The adder closely misses you.
Damage: 1 (max 2)
You barely miss the adder.
The adder is heavily wounded.
The rat twitches its whiskers.
The rat bites you but does no damage. The adder bites you.
You are poisoned.
The adder poisons you!
Damage: 1 (max 2)
You feel sick. The adder bites you.
You are more poisoned.
The adder poisons you! The rat bites you.
The adder bites you but does no damage.
Damage: 5 (max 5) Unknown command.
You feel sick. The adder bites you.
* * * LOW HITPOINT WARNING * * *
You are lethally poisoned!
The adder poisons you! The rat bites you.
* * * LOW HITPOINT WARNING * * *
Damage: 6 (max 6)
A frilled lizard comes into view.
* * * LOW HITPOINT WARNING * * *
You feel sick.
Damage: 1 (max 6) Unknown command.
* * * LOW HITPOINT WARNING * * *
You feel sick.
The frilled lizard hisses angrily.
The adder bites you.
* * * LOW HITPOINT WARNING * * *
A hobgoblin comes into view. It is wielding a club.
The hobgoblin shouts!
You hit the frilled lizard.
The frilled lizard is heavily wounded.
* * * LOW HITPOINT WARNING * * *
You feel sick. The adder bites you but does no damage.
The frilled lizard barely misses you.
Damage: 3 (max 6)
A bat comes into view.
* * * LOW HITPOINT WARNING * * *
You feel sick.
Damage: 1 (max 6) Unknown command.
Okay, then.
Are you sure you want to abandon this character and quit the game? (Confirm with "yes".)

#. #. #.. #...
##...###
.#...bg.# #
......#.###.##...
#.....lS@.....#
#.#.##r#.#.##.#
#.####.#.# #
#<...r.#.#
###r.....#
#.###### #.# ...
....


You could see an adder, a hobgoblin, a bat, a frilled lizard and a rat.

Vanquished Creatures
  2 leopard geckos (D:1)
  2 bats (D:1)
  2 giant cockroaches (D:1)
  2 goblins (D:1)
  A hobgoblin (D:1)
  4 frilled lizards (D:1)
  A kobold (D:1)
  4 rats (D:1)
18 creatures vanquished.

Notes
Turn   | Place    | Note
-------+----------+-------------------------------------------
     0 | D:1      | Gorice the Demonspawn Wanderer began the quest for the Orb.
     0 | D:1      | Gorice set off with: a +2 dagger, a scroll of blinking, the Guide on Stolen Souls, 8 poisoned needles, a +0 blowgun, a +0 robe, a ration
     0 | D:1      | Reached XP level 1. HP: 13/13 MP: 1/1
     0 | D:1      | Identified the Guide on Stolen Souls
    96 | D:1      | Reached skill level 1 in Fighting
   177 | D:1      | Gained mutation: You have a pair of small antennae on your head. [demonic ancestry]
   177 | D:1      | Reached XP level 2. HP: 18/22 MP: 2/2
   376 | D:1      | Reached skill level 2 in Fighting
   832 | D:2      | HP: 6/23 [adder (1)]
   836 | D:2      | Quit the game

Vault maps used:
D:1:      matt_arrival_grand_opening, minmay_misc_feat_x

Skill      XL: |  1  2 |
---------------+-------+-----
Fighting       | 1 2 |  2.3
Staves         | |  1.0
Throwing       | |  1.0
Dodging        | |  1.0
Stealth        | |  1.0
Necromancy     | |  3.2
Translocations | |  1.7
Evocations     | |  1.0

Action                   || total
-------------------------++-------
Melee: Dagger            ||    58
  Use: Scroll            ||     1
 Stab: Sleeping          ||     1
Armor: Robe              ||    14
Dodge: Dodged            ||    35

Table legend:
 A = Spawn XP
 B = Non-spawn XP
 C = Spawn XP percentage of total XP
 D = Spawn monster count
 E = Non-spawn monster count
 F = Spawn count percentage of total count
 G = Total turns spent on level
                    A         B        C        D         E        F      G
               +---------+---------+-------+---------+---------+-------+---------
         Total |       0 |      29 |   0.0 |       0 |      18 |   0.0 |   836
               +---------+---------+-------+---------+---------+-------+---------
           D:1 |       0 |      29 |   0.0 |       0 |      18 |   0.0 |   822
               +---------+---------+-------+---------+---------+-------+---------

Table legend:
 A = Turns spent in this place as a percentage of turns spent in the entire game.
 B = Non-inter-level travel turns spent in this place as a percentage of non-inter-level travel turns spent in the entire game.
 C = Inter-level travel turns spent in this place as a percentage of turns spent in this place.
 D = Turns resting spent in this place as a percentage of non-inter-level travel turns spent in this place.
 E = Turns spent auto-exploring this place as a percentage of non-inter-level travel turns spent in this place.
 F = Non-inter-level travel turns spent in this place divided by the number of levels of this place that you've seen.
                   A       B       C       D       E      F
               +-------+-------+-------+-------+-------+----------------------
         Total | 100.0 | 100.0 |   4.3 |   7.8 |  66.6 | 400.0
       Dungeon | 100.0 | 100.0 |   4.3 |   7.8 |  66.6 | 400.0
               +-------+-------+-------+-------+-------+----------------------

Vault maps used:
D:1:      matt_arrival_grand_opening, minmay_misc_feat_x
